AoeStats
← xyz

MegaRandom

509202988Analyzed
4v4 RM · 6d ago on Sep 25, 2026· 27m 35s· 8 players
Game mode
Random Map
Map size
Large (8 player)
Population
200
Speed
Normal
Resources
Standard
Victory
Conquest
Starting age
Dark Age
Ending age
Imperial Age
RankedLock teamsTeams togetherTeam positionsShared explorationLock speedFull tech treeHidden civsTurbo modeCheats
Victory
Defeat
🇨🇭 Lithuanians · Switzerland
1015
+16
🇧🇷 Berbers · Brazil
1012
+16
🇨🇭 Burmese · Switzerland
1004
+16
🇷🇺 Mongols · Russia
981
+17
🇹🇷 Dravidians · Türkiye
1076
-19
🇹🇷 Teutons · Türkiye
1019
-17
🇪🇸 Huns · Spain
987
-15
🇪🇸 Inca · Spain
963
-14
BearGrellos
0:30 Loom
14:36 Feudal Age
19:48 Castle Age
19:19 Fishing Lines
20:39 Medium Warships
21:32 Double-Bit Axe
22:20 Town Watch
23:41 Gillnets
23:40 Pikeman
25:16 Wheelbarrow
24:26 Town Watch
26:15 Horse Collar
26:55 Bow Saw
BabaKusio
5:50 Loom
10:01 Feudal Age
10:27 Double-Bit Axe
14:52 Bloodlines
17:37 Horse Collar
21:20 Castle Age
20:52 Scale Barding Armor
20:59 Forging
21:05 Fishing Lines
22:23 Husbandry
22:32 Town Watch
23:23 Wheelbarrow
Timet47
13:03 Feudal Age
17:24 Castle Age
15:52 Horse Collar
19:07 Scale Barding Armor
19:13 Forging
20:10 Bloodlines
20:03 Husbandry
20:28 Fishing Lines
25:11 Chain Barding Armor
Cairo
0:51 Loom
12:40 Feudal Age
15:21 Double-Bit Axe
21:04 Castle Age
21:35 Fletching
21:56 Thumb Ring
22:37 Town Watch
23:57 Padded Archer Armor
27:29 Bow Saw
27:51 Husbandry
CountOfGondomar
7:18 Loom
10:50 Feudal Age
12:19 Double-Bit Axe
19:47 Horse Collar
21:15 Gold Mining
23:01 Scale Barding Armor
25:10 Castle Age
23:02 Stone Mining
23:34 Fletching
25:30 Padded Archer Armor
25:19 Elite Skirmisher
xyz
9:46 Loom
11:56 Feudal Age
12:28 Double-Bit Axe
12:26 Horse Collar
20:39 Castle Age
19:23 Gold Mining
20:01 Bloodlines
21:35 Bow Saw
21:28 Heavy Plow
24:35 Wheelbarrow
24:28 Forging
24:07 Town Watch
26:05 Pikeman
27:42 Iron Casting
Leonidas
11:58 Feudal Age
10:14 Loom
12:47 Double-Bit Axe
21:55 Castle Age
19:40 Horse Collar
21:48 Fletching
22:08 Scale Barding Armor
24:50 Bow Saw
26:19 Pikeman
CountessOfGondomar
0:40 Loom
13:35 Feudal Age
17:12 Castle Age
18:42 Wheelbarrow
18:23 Horse Collar
18:34 Double-Bit Axe
22:20 Squires
22:06 Arson
22:52 Heavy Plow
25:27 Stone Mining
25:48 Bow Saw
25:24 Elite Skirmisher
26:28 Fletching
26:39 Padded Archer Armor
Connection lost

Rejoining the realm…

Still unreachable

The connection could not be restored.

Session expired

The server has moved on; the page needs a fresh start.